Map: Proxima Station LE

Players

souL

  • Race: Terran Terran
  • Spawn Location: 1:00

SortOf - Winner!

  • Race: Zerg Zerg
  • Spawn Location: 7:00

Event: WCS Valencia 2017

VOD

Have the link to the VOD?

Description

Time

  • Played on: July 13, 2017, 10:35 a.m.
  • Length: 14:30

All games in this series

Show
View Real Time Build Order
Export as new Build Order

souL Terran 

Build Orders: Liberator Opening, Reaper Expand, Bio Mine 

Get SALT Encoding   

  12  0:02  SCV  
  13  0:14  SCV  
  13  0:19  Supply Depot  
  14  0:26  SCV  
  15  0:29  Refinery  
  15  0:41  SCV  
  16  0:46  Barracks  
  16  0:53  SCV  
  17  1:06  SCV  
  18  1:20  SCV  
  19  1:33  Orbital Command, Reaper  
  20  1:45  Command Center  
  20  1:54  Factory  
  20  2:00  SCV  
  21  2:07  Barracks Reactor  
  21  2:10  Supply Depot  
  21  2:13  SCV  
  22  2:19  Refinery  
  22  2:25  SCV  
  23  2:37  SCV  
  23  2:43  Starport  
  24  2:49  SCV, Marine x2  
  27  2:51  Widow Mine  
  27  2:58  Orbital Command  
  29  3:01  SCV  
  30  3:07  Marine x2  
  32  3:13  SCV  
  33  3:22  Medivac  
  33  3:25  SCV  
  38  3:27  SCV  
  38  3:33  Supply Depot  
  39  3:38  Liberator, SCV  
  39  3:39  SCV  
  40  3:41  Hellion x2  
  40  3:43  Marine, Supply Depot  
  43  3:50  SCV  
  43  3:53  SCV  
  48  4:02  SCV  
  49  4:05  Barracks Tech Lab, SCV  
  49  4:08  Armory  
  52  4:10  Hellion  
  52  4:11  Hellion  
  52  4:14  SCV  
  55  4:20  SCV  
  55  4:22  Supply Depot  
  56  4:26  SCV  
  59  4:31  Hellion  
  59  4:32  SCV  
  59  4:33  Hellion  
  62  4:43  SCV  
  63  4:52  Cloaking Field  
  63  4:53  Banshee  
  63  4:54  SCV  
  63  4:55  Hellion  
  63  4:58  SCV  
  70  5:04  Command Center  
  70  5:05  Hellion  
  70  5:06  Supply Depot  
  70  5:08  Barracks Tech Lab, Supply Depot  
  70  5:20  SCV  
  70  5:21  SCV  
  64  5:33  SCV x2  
  64  5:35  Stimpack, Marine  
  56  5:43  Barracks, Banshee  
  56  5:44  Barracks  
  56  5:45  SCV x2  
  56  5:46  Factory Reactor, Refinery  
  56  5:48  Refinery  
  58  5:56  Engineering Bay  
  58  5:57  SCV x2, Engineering Bay  
  58  6:00  Marine  
  61  6:09  SCV x2, Barracks  
  61  6:10  Barracks  
  63  6:16  Orbital Command  
  63  6:18  Marine  
  64  6:21  SCV x2  
  66  6:26  Raven  
  66  6:31  Supply Depot  
  66  6:32  Supply Depot  
  68  6:33  SCV  
  68  6:34  Marine x2  
  68  6:37  Terran Infantry Armor Level 1, Factory Reactor, Terran Infantry Weapons Level 1  
  68  6:39  Marine  
  72  6:41  Marine  
  72  6:46  Marine  
  74  6:49  SCV  
  74  6:52  Marine x2  
  77  6:57  SCV, Marine  
  77  6:59  Marine  
  80  7:02  SCV  
  80  7:03  Orbital Command  
  80  7:04  Marine  
  82  7:09  SCV, Marine  
  82  7:10  Marine  
  82  7:14  SCV  
  82  7:15  Marine  
  87  7:17  Marine  
  87  7:20  Supply Depot  
  87  7:21  Barracks Reactor x2, SCV, Supply Depot  
  87  7:22  Marine, Medivac x2  
  94  7:26  SCV, Factory Reactor  
  94  7:27  Marine x2  
  97  7:33  Marine  
  97  7:34  Marine  
  99  7:37  SCV x2  
  99  7:39  Marine  
  99  7:40  Terran Vehicle And Ship Armor Level 1  
  99  7:41  SCV  
  103  7:44  Refinery  
  103  7:45  Marine x2  
  103  7:47  Combat Shields  
  103  7:50  Marine  
  106  7:54  SCV x2, Barracks, Marine, Factory  
  106  7:55  Barracks  
  109  7:59  Medivac x2  
  109  8:02  Marine x2  
  115  8:10  Barracks  
  115  8:12  Supply Depot  
  115  8:13  Missile Turret, Supply Depot  
  115  8:15  Marine x4, Supply Depot  
  115  8:17  Marine  
  120  8:21  SCV  
  120  8:23  SCV  
  120  8:24  Marine  
  120  8:26  Marine  
  124  8:27  Marine  
  124  8:28  Marine, SCV  
  124  8:29  Medivac  
  124  8:33  Marine x2  
  131  8:34  Widow Mine x2  
  131  8:39  Thor, Drilling Claws  
  141  8:42  Marine  
  141  8:44  Marine  
  141  8:47  Marine, Supply Depot  
  141  8:48  Marine  
  140  8:49  Supply Depot  
  130  8:56  Terran Infantry Armor Level 2, Terran Infantry Weapons Level 2  
  130  8:59  Marine x2  
  121  9:08  Barracks Tech Lab  
  121  9:09  Barracks Tech Lab  
  118  9:10  Barracks Tech Lab  
  118  9:11  Command Center  
  118  9:12  Medivac  
  118  9:13  Marine x2  
  122  9:20  Marine x6  
  128  9:24  Marine  
  128  9:26  Widow Mine  
  128  9:28  Marine x3  
  128  9:31  Marine x2, Concussive Shells  
  131  9:38  Marine x2  
  134  9:40  Thor  
  134  9:42  Marauder  
  134  9:44  Terran Vehicle And Ship Armor Level 2  
  142  9:49  Marine  
  142  9:50  Missile Turret  
  142  9:51  Refinery  
  143  9:53  Marauder  
  143  9:54  Marauder, Marine  
  143  9:55  Marine  
  143  9:57  Marine  
  149  10:11  Marauder, Marine  
  149  10:12  Marauder  
  154  10:14  Marine x2  
  154  10:15  Marauder  
  154  10:17  Medivac x2  
  162  10:21  Marine  
  162  10:22  Marauder  
  162  10:23  Widow Mine x2  
  162  10:25  Marine  
  162  10:28  Marine  
  171  10:30  Missile Turret  
  171  10:32  Missile Turret  
  171  10:33  Marauder  
  175  10:35  Marine  
  175  10:36  Marauder  
  178  10:45  Thor, Marine x2  
  178  10:47  Marine  
  178  10:48  Marine  
  180  10:50  Sensor Tower  
  180  10:51  Missile Turret x2  
  180  10:53  Marine, Missile Turret  
  180  10:56  Marine  
  166  10:58  Marine  
  166  10:59  Marine  
  162  11:05  Marine  
  162  11:06  Marine  
  162  11:08  Marine  
  128  11:20  Marine  
  128  11:21  Marauder, Marine x3  
  110  11:31  Planetary Fortress  
  108  11:42  Thor  
  108  11:43  Widow Mine  
  108  11:45  Widow Mine  
  118  11:50  Marauder x2  
  122  11:54  Missile Turret  
  122  12:01  Marauder x2, Marine  
  126  12:02  Marine  
  126  12:03  Marine  
  129  12:11  Marauder, Sensor Tower  
  129  12:12  Unknown  
  124  12:17  Engineering Bay  
  124  12:19  Marauder, Marine x2  
  131  12:22  Marauder  
  131  12:23  Marauder  
  131  12:26  Marine  
  131  12:29  Marine  
  132  12:30  Marine  
  132  12:33  Marauder  
  135  12:37  Marine  
  135  12:40  Marauder  
  117  12:44  Marauder, Marine x5  
  117  12:46  Marine  
  117  12:47  Marine  
  117  12:48  Marine  
  125  12:53  Marine  
  125  12:55  Marine  
  106  13:01  Marine  
  106  13:02  Marine x5  
  106  13:03  SCV x2  
  106  13:04  Marine, Missile Turret  
  115  13:06  Widow Mine  
  115  13:10  SCV  
  118  13:15  SCV  
  118  13:17  SCV  
  118  13:18  Marauder, Marine  
  123  13:26  Marauder x3, Marine  
  130  13:28  Widow Mine  
  130  13:33  Widow Mine  
  134  13:35  SCV  
  134  13:39  Sensor Tower  
  135  13:41  Widow Mine  
  135  13:43  Marauder  
  135  13:47  Marine  
  140  13:51  Marine  
  140  13:52  Marauder  
  143  14:00  Refinery  
  143  14:01  Marine  
  155  14:06  Marauder, Marine  
  155  14:09  Marine  
Show
View Real Time Build Order
Export as new Build Order

SortOf Zerg - Winner!

Build Orders: Hatch First, Muta Ling Bane 

Get SALT Encoding   

  12  0:00  Drone  
  13  0:12  Overlord  
  13  0:17  Drone  
  14  0:30  Drone x2  
  16  0:37  Drone  
  17  0:52  Hatchery  
  17  0:55  Drone  
  17  0:58  Drone  
  18  1:08  Extractor  
  17  1:13  Spawning Pool  
  17  1:17  Drone  
  17  1:20  Drone  
  18  1:28  Drone  
  19  1:38  Overlord  
  19  1:59  Queen  
  19  2:00  Zergling x4  
  23  2:05  Queen  
  23  2:06  Drone  
  26  2:10  Drone  
  26  2:11  Metabolic Boost  
  26  2:15  Drone  
  28  2:21  Drone  
  29  2:26  Drone  
  30  2:34  Drone  
  31  2:43  Hatchery  
  30  2:46  Drone, Overlord  
  31  2:51  Drone  
  32  3:01  Drone  
  33  3:07  Drone x3  
  36  3:15  Drone  
  36  3:17  Queen  
  36  3:18  Overlord  
  39  3:21  Zergling x6  
  39  3:25  Drone  
  39  3:26  Drone  
  44  3:35  Overlord  
  44  3:36  Queen  
  44  3:41  Drone x3  
  49  3:48  Drone x2  
  51  3:54  Drone  
  52  3:56  Drone  
  52  3:58  Spore Crawler  
  52  3:59  Drone x2  
  52  4:02  Overlord  
  54  4:04  Drone  
  54  4:06  Drone x2  
  57  4:19  Drone  
  57  4:20  Queen x2  
  57  4:23  Evolution Chamber, Drone x2  
  63  4:25  Evolution Chamber  
  63  4:26  Overlord  
  63  4:29  Drone x2  
  63  4:30  Drone  
  65  4:33  Spore Crawler  
  65  4:35  Drone x2  
  66  4:40  Extractor  
  66  4:41  Overlord  
  65  4:51  Drone, Overlord  
  66  4:59  Queen  
  68  5:00  Overlord  
  68  5:03  Zergling x6  
  68  5:04  Zergling x6  
  68  5:06  Zerg Ground Armor Level 1, Zerg Melee Weapons Level 1  
  74  5:10  Extractor, Queen  
  74  5:11  Zergling x8  
  79  5:20  Zergling x4  
  78  5:28  Drone x5  
  77  5:31  Drone x2  
  81  5:36  Drone x2  
  81  5:38  Drone x3  
  81  5:41  Drone x2  
  88  5:45  Drone  
  89  5:50  Extractor, Lair  
  89  5:51  Baneling Nest  
  89  5:55  Spore Crawler  
  85  5:57  Drone  
  85  6:01  Zergling x2  
  85  6:02  Zergling x6  
  89  6:04  Overlord  
  89  6:05  Overlord x2  
  89  6:15  Extractor  
  89  6:17  Extractor, Hatchery  
  87  6:18  Drone x3  
  87  6:22  Overlord  
  88  6:26  Drone x5  
  88  6:28  Drone x2  
  88  6:31  Drone  
  95  6:39  Overlord  
  95  6:41  Drone x2  
  97  6:51  Overseer  
  94  6:55  Spire  
  94  6:56  Drone, Centrifical Hooks  
  94  6:57  Drone x2  
  94  7:00  Pneumatized Carapace  
  96  7:01  Overseer  
  96  7:03  Hatchery  
  95  7:11  Zerg Ground Armor Level 2  
  95  7:12  Baneling x2  
  95  7:17  Drone  
  95  7:19  Drone  
  95  7:20  Drone x7  
  103  7:23  Overlord  
  103  7:25  Overlord  
  103  7:26  Zergling x2  
  103  7:27  Baneling x2  
  103  7:28  Baneling  
  100  7:37  Drone x2  
  100  7:38  Drone  
  100  7:39  Drone  
  100  7:40  Drone x3  
  107  7:44  Queen  
  107  7:47  Zergling x12  
  107  7:51  Overlord  
  115  7:52  Overlord  
  115  7:54  Zerg Melee Weapons Level 2  
  115  7:58  Overlord  
  115  8:08  Mutalisk x6  
  127  8:14  Overseer  
  127  8:15  Mutalisk  
  127  8:17  Zergling x2  
  127  8:18  Zergling x4  
  132  8:26  Zergling x22  
  132  8:27  Zergling x6  
  146  8:30  Mutalisk  
  146  8:31  Mutalisk  
  150  8:36  Zergling x4  
  152  8:54  Zergling x2  
  152  8:55  Zergling x36  
  169  9:01  Overlord x2  
  169  9:02  Overlord  
  169  9:07  Infestation Pit, Drone  
  168  9:16  Zergling x12  
  174  9:17  Baneling x5  
  174  9:18  Baneling  
  174  9:25  Zergling x16  
  180  9:31  Hatchery  
  180  9:33  Zerg Flyer Weapons Level 1  
  180  9:35  Mutalisk x7  
  193  9:38  Baneling x5  
  193  9:41  Overlord  
  193  9:42  Overlord  
  193  9:52  Hive  
  193  9:54  Zergling x2  
  193  9:55  Zergling x8  
  193  9:56  Baneling  
  193  9:57  Baneling x5  
  193  9:58  Overlord  
  198  10:00  Overlord  
  198  10:21  Baneling x5  
  198  10:22  Baneling x4  
  198  10:26  Zergling x2  
  198  10:27  Extractor, Zergling x2  
  199  10:31  Overlord  
  198  10:37  Drone x3  
  200  10:46  Baneling x12  
  193  11:02  Overlord  
  179  11:07  Zergling x10  
  179  11:08  Zergling x30  
  177  11:23  Zergling x12  
  177  11:24  Zergling x20  
  175  11:28  Ultralisk Cavern  
  175  11:29  Baneling x14  
  175  11:30  Baneling x5  
  175  11:31  Zergling x8  
  175  11:32  Zergling x10  
  183  11:37  Zerg Ground Armor Level 3  
  183  11:44  Zergling x14  
  190  11:51  Zerg Melee Weapons Level 3  
  190  11:52  Adrenal Glands  
  190  11:55  Zergling x2  
  190  11:56  Zergling x10  
  190  11:58  Overlord  
  196  12:07  Zergling x8  
  200  12:10  Overlord  
  200  12:22  Chitinous Plating  
  198  12:24  Baneling  
  198  12:25  Baneling x8  
  198  12:29  Overlord  
  159  12:45  Zergling x10  
  159  12:46  Zergling x40  
  159  12:49  Ultralisk  
  190  12:56  Ultralisk x3  
  190  12:58  Overlord  
  194  13:02  Baneling  
  194  13:03  Baneling x5  
  193  13:06  Extractor  
  193  13:08  Zergling x14  
  199  13:15  Baneling x10  
  199  13:21  Overseer  
  199  13:22  Overseer, Hatchery  
  197  13:36  Zergling x6  
  200  13:42  Baneling  
  200  13:43  Baneling x5  
  200  13:44  Baneling  
  200  13:45  Baneling x2  
  199  13:54  Corruptor x2  
  197  14:00  Spore Crawler  
Tags
 
Add a new tag
Caveats
  • Supply blocks, unpowered buildings, or Contaminate may cause inaccurate times.
  • Supply counts are checked every 10 seconds.